 Dungeon Crawl Stone Soup version 0.28.0-49-g6dfe1f597d (webtiles) character file.

Game seed: 3578624360017963257

675 CryoSword the Chopper (level 7, -1/61 HPs)
             Began as a Ghoul Fighter on May 13, 2022.
             Was an Initiate of Ru.
             Slain by a sky beast (3 damage)
             ... on level 6 of the Dungeon.
             The game lasted 00:05:51 (5605 turns).

CryoSword the Chopper (Ghoul Fighter)               Turns: 5605, Time: 00:05:51

Health: -1/61      AC: 10    Str: 20    XL:     7   Next: 59%
Magic:  6/6        EV:  7    Int:  5    God:    Ru [......]
Gold:   237        SH:  4    Dex:  8    Spells: 6/6 levels left

rFire   . . .      SeeInvis .   n - +0 hand axe
rCold   + . .      Faith    .   c - +0 buckler
rNeg    + + +      Spirit   .   d - +0 chain mail
rPois   ∞          Reflect  .   (no helmet)
rElec   .          Harm     .   (no cloak)
rCorr   +          Rampage  .   q - +0 pair of gloves
Will    .....                   (no boots)
Stlth   ..........              (no amulet)
HPRegen 0.00/turn               j - ring of resist corrosion
MPRegen 0.10/turn               (no ring)

@: inhibited regen
A: claws 1, cold resistance 1, negative energy resistance 3, inhibited
regeneration, torment resistance 2
a: Renounce Religion


You were on level 6 of the Dungeon.
You worshipped Ru.
Ru was noncommittal.
You visited 2 branches of the dungeon, and saw 7 of its levels.

You collected 237 gold pieces.

Inventory:

Hand Weapons
 a - a +0 war axe
 n - a +0 hand axe (weapon)
   (You found it on level 2 of the Dungeon)
Missiles
 e - 3 poisoned darts (quivered)
 r - a throwing net
Armour
 c - a +0 buckler (worn)
 d - a +0 chain mail (worn)
   (You found it on level 3 of the Dungeon)
 q - a +0 pair of gloves (worn)
   (You found it on level 4 of the Dungeon)
Jewellery
 j - a ring of resist corrosion (left hand)
   (You found it on level 2 of the Dungeon)
Scrolls
 b - a scroll of noise {unknown}
 f - 2 scrolls of enchant armour {unknown}
 g - 2 scrolls of enchant weapon {unknown}
 i - a scroll of torment {unknown}
 k - a scroll of vulnerability {unknown}
 l - a scroll of fear {unknown}
 m - a scroll of teleportation {unknown}
 o - a scroll of blinking {unknown}
 p - a scroll of immolation {unknown}
 s - a scroll of identify {@r1}
Potions
 h - 2 potions of curing {@q1}
 u - a potion of lignification {unknown}


   Skills:
 - Level 5.2 Fighting
 + Level 5.7 Axes
 - Level 2.6 Armour
 - Level 4.3 Shields


You had 6 spell levels left.
You didn't know any spells.
Your spell library contained the following spells:

 Spells                   Type           Power      Damage    Failure   Level
 Foxfire                  Conj/Fire      0%         2x1d4     100%        1
 Sting                    Tmut/Pois      0%         1d3       100%        1
 Corpse Rot               Necr/Air       0%         N/A       100%        2
 Ensorcelled Hibernation  Hex/Ice        0%         N/A       100%        2
 Poisonous Vapours        Pois/Air       0%         N/A       100%        2
 Conjure Flame            Conj/Fire      0%         6-21      100%        3
 Inner Flame              Hex/Fire       0%         N/A       100%        3
 Anguish                  Hex/Necr       0%         N/A       100%        4
 Flame Wave               Conj/Fire      0%         2d4       100%        4
 Olgreb's Toxic Radiance  Pois           0%         N/A       100%        4
 Summon Hydra             Summ           0%         N/A       100%        7
 Sublimation of Blood     Necr           Unusable   N/A       N/A         2
 Wereblood                Tmut           Unusable   N/A       N/A         2
 Spider Form              Tmut/Pois      Unusable   N/A       N/A         3

Dungeon Overview and Level Annotations

Branches:
Dungeon (6/15)             Temple (1/1) D:4

Altars:
Ashenzari
Dithmenos
Fedhas
Gozag
Hepliaklqana
Kikubaaqudgha
Ru
Sif Muna
Trog
Vehumet
Wu Jian
Xom
Yredelemnul

Annotations:
D:5 2 transporters, Dreadrock's ghost, novice MiBe


Innate Abilities, Weirdness & Mutations

You thrive by killing the living.
You are immune to poison.
You have sharp fingernails.
Your flesh is cold resistant. (rC+)
You are immune to negative energy. (rN+++)
You do not regenerate when monsters are visible.
You are immune to unholy pain and torment.


Message History

You hit the gnoll. The gnoll hits you but does no damage.
You slash the gnoll! The gnoll barely misses you.
You hit the gnoll but do no damage. The gnoll hits you but does no damage.
You hit the gnoll.
You kill the gnoll!
No target in view!
No target in view!
No target in view!
No target in view!
No target in view!
No target in view!
No target in view!
s - a scroll of identify {@r1}
Things that are here:
a +0 whip; a gnoll corpse The gnoll shouts!
You hear a shout!
A gnoll is nearby!
A gnoll is nearby!
A gnoll is nearby!
The gnoll shouts!
You closely miss the gnoll. You block the gnoll's attack.
You closely miss the gnoll. You hit the gnoll. The gnoll completely misses you.
The gnoll hits you with a +0 club.
You hit the gnoll. You hit the gnoll but do no damage.
You block the gnoll's attack. The gnoll hits you but does no damage.
You closely miss the gnoll. You hit the gnoll. You block the gnoll's attack. x2
You slash the gnoll!
You kill the gnoll!
You hit the gnoll. The gnoll barely misses you.
You hit the gnoll. The gnoll hits you with a +0 club.
You hit the gnoll. The gnoll hits you but does no damage.
You barely miss the gnoll. The gnoll barely misses you.
You slash the gnoll!
You kill the gnoll!
No target in view!
No target in view!
No target in view!
No target in view!
No target in view!
No target in view!
No target in view!
No target in view!
Things that are here:
a +0 club; a gnoll corpse
Things that are here:
a +0 flail; a gnoll corpse The gnoll shouts!
A gnoll is nearby!
A gnoll is nearby!
A gnoll is nearby!
The gnoll hits you but does no damage.
You hit the gnoll. The gnoll hits you with a +0 spear.
You hit the gnoll. The gnoll hits you but does no damage.
You closely miss the gnoll. The gnoll hits you with a +0 spear.
You hit the gnoll. The gnoll hits you but does no damage.
You completely miss the gnoll. The gnoll hits you but does no damage.
You hit the gnoll.
You kill the gnoll!
No target in view!
No target in view!
No target in view!
No target in view!
Partly explored, unvisited transporter.
Partly explored, unvisited transporter.
Partly explored, unvisited transporter.
Partly explored, unvisited transporter.
No target in view!
Dreadrock's ghost turns its malevolent gaze towards you.
There is a transporter here.
You see here a +0 rapier.
There is a stone staircase leading down here.
You climb downwards.
There is a stone staircase leading up here.
A sky beast comes into view.
A sky beast is nearby!
A sky beast is nearby!
A sky beast is nearby!
You closely miss the sky beast. The sky beast barely misses you.
You hit the sky beast but do no damage. The sky beast hits you.
The sky beast shocks you.
The sky beast hits you but does no damage.
You hit the sky beast. The sky beast barely misses you.
You barely miss the sky beast.
The sky beast hits you but does no damage.
You barely miss the sky beast.
The sky beast flickers out of sight!
Deactivating autopickup; reactivate with Ctrl-A.
Something hits you but does no damage.
No target in view!
No target in view!
No target in view!
No target in view!
No target in view!
No target in view!
No target in view!
No target in view!
No target in view!
No target in view!
You barely miss something. Something hits you. Something shocks you.
You barely miss something. Something hits you but does no damage.
You miss something. Something hits you but does no damage.
You miss something. Something hits you but does no damage.
You hit something. Something hits you. Something shocks you.
You miss something. Something hits you but does no damage.
You hit something but do no damage. Something hits you. Something shocks you.
You miss something. Something hits you but does no damage.
You barely miss something. Something hits you. Something shocks you.
* * * LOW HITPOINT WARNING * * *
You hit something.
A sky beast appears from thin air!
Reactivating autopickup.
The sky beast hits you but does no damage.
You hit the sky beast.
The sky beast hits you but does no damage. x2
You hit the sky beast but do no damage.
The sky beast hits you but does no damage.
You hit the sky beast. The sky beast closely misses you.
You hit the sky beast.
The sky beast flickers out of sight!
Deactivating autopickup; reactivate with Ctrl-A.
Something hits you.
* * * LOW HITPOINT WARNING * * *
Something shocks you.
* * * LOW HITPOINT WARNING * * *
You barely miss something. Something hits you.
* * * LOW HITPOINT WARNING * * *
Something shocks you.
* * * LOW HITPOINT WARNING * * *
A sky beast appears from thin air!
Reactivating autopickup.
You hit the sky beast. You block the sky beast's attack.
You hit the sky beast.
The sky beast hits you but does no damage.
You hit the sky beast.
The sky beast hits you but does no damage.
You hit the sky beast but do no damage. The sky beast hits you.
* * * LOW HITPOINT WARNING * * *
The sky beast shocks you.
* * * LOW HITPOINT WARNING * * *
You hit the sky beast but do no damage.
The sky beast hits you but does no damage.
You closely miss the sky beast.
The sky beast flickers out of sight!
Deactivating autopickup; reactivate with Ctrl-A.
Something hits you but does no damage.
A sky beast appears from thin air!
Reactivating autopickup.
You barely miss the sky beast.
The sky beast hits you but does no damage.
You closely miss the sky beast. You block the sky beast's attack.
You barely miss the sky beast.
The sky beast hits you but does no damage.
You barely miss the sky beast. The sky beast hits you.
You die...

###.. #.. #.... #.#
.....##.#########
#......##.....##
#......≈.......##
#..............<.#
..................#
..................#
...............Y@.#
##................#
#................#
##..............##
.....##.....## ##
#######


You could see a sky beast.

Vanquished Creatures
  A water moccasin (D:5)
  A black bear (D:5)
  An ice beast (D:3)
  A wyvern skeleton (D:5)
  A centaur zombie (D:5)
  2 hounds (D:5)
  A gnoll shaman (D:5)
  An iguana (D:5)
  A scorpion zombie (D:5)
  2 adders
  10 gnolls
  A worm (D:2)
  A dart slug (D:3)
  4 bats
  5 endoplasms
  A giant cockroach (D:4)
  7 goblins
  4 hobgoblins
  4 kobolds
  A quokka (D:1)
  7 ball pythons
  3 frilled lizards
  5 rats
65 creatures vanquished.

Notes
Turn   | Place    | Note
-------+----------+-------------------------------------------
     0 | D:1      | CryoSword the Ghoul Fighter began the quest for the Orb.
     0 | D:1      | Reached XP level 1. HP: 19/19 MP: 0/0
   132 | D:1      | Found a faded altar of an unknown god.
   224 | D:1      | Reached XP level 2. HP: 10/26 MP: 1/1
  1024 | D:2      | Reached XP level 3. HP: 31/31 MP: 2/2
  1589 | D:3      | Found an ornate altar of the Wu Jian Council.
  1698 | D:3      | Found a blossoming altar of Fedhas.
  1698 | D:3      | Found a basalt altar of Yredelemnul.
  2084 | D:3      | Noticed an ice beast
  2128 | D:3      | Killed an ice beast
  2129 | D:3      | Reached XP level 4. HP: 19/40 MP: 3/3
  2129 | D:3      | Reached XP level 5. HP: 22/46 MP: 4/4
  3058 | D:4      | Found a staircase to the Ecumenical Temple.
  3068 | Temple   | Entered the Ecumenical Temple
  3159 | Temple   | Became a worshipper of Ru the Awakened
  3530 | D:5      | Entered Level 5 of the Dungeon
  3718 | D:5      | Reached XP level 6. HP: 28/53 MP: 5/5
  3919 | D:5      | Noticed a water moccasin
  3954 | D:5      | Killed a water moccasin
  4422 | D:5      | Reached skill level 5 in Fighting
  4422 | D:5      | Reached XP level 7. HP: 61/61 MP: 6/6
  4483 | D:5      | Reached skill level 5 in Axes
  4557 | D:5      | Found a transporter.
  4561 | D:5      | Noticed Dreadrock's ghost (novice MiBe)
  4566 | D:5      | Found a transporter.
  5163 | D:5      | Found a radiant altar of Vehumet.
  5596 | D:6      | HP: 2/61 [sky beast (5)]
  5605 | D:6      | Slain by a sky beast

Illustrated notes

Levels and vault maps discovered:
D:1:      amcnicky_arrival_flooded_fountain, layout_loops_ring,
          shapermc_ecumenical_altar_mp_ritualfount
D:2:      layout_basic, nicolae_concentric_dashed_squares_mild
D:3:      layout_basic, nicolae_wu_jian_wuxing_cycle,
          gammafunk_temple_overflow_elements
D:4:      layout_loops_ring, minmay_temple_entry_ruins, palyth_stone_intersect
D:5:      layout_loops_ring, mainiacjoe_overflow_alcove_1,
          gammafunk_ghost_mausoleum
D:6:      layout_rooms, general_overflow_altar, marbit_many_paths,
          uniq_prince_ribbit1
Temple:   dpeg_three_leaves_temple

Skill      XL: |  1  2  3  4  5  6  7 |
---------------+----------------------+-----
Axes           | 2 3 4 5 |  5.7
Shields        | 3 4 |  4.3
Fighting       | 4 5 |  5.2
Armour         | |  2.6

Action                   |  1- 3 |  4- 6 |  7- 9 || total
-------------------------+-------+-------+-------++-------
Melee: War axe           |    70 |       |       ||    70
       Hand axe          |    48 |   116 |   114 ||   278
  Use: Scroll            |     2 |     1 |       ||     3
       Potion            |     1 |     3 |       ||     4
Armor: Scale mail        |    49 |    15 |       ||    64
       Chain mail        |       |    50 |    63 ||   113
Dodge: Dodged            |    50 |    47 |    40 ||   137
Block: Buckler           |    27 |    26 |    26 ||    79
